 Dungeon Crawl Stone Soup version 0.23.2 (webtiles) character file.

Game seed: 4195450808650433482

424 Kairos the Poker (level 6, 0/42 HPs)
             Began as a Merfolk Gladiator on Apr 2, 2019.
             Slain by a river rat (8 damage)
             ... summoned by Eustachio
             ... on level 3 of the Dungeon.
             The game lasted 00:04:44 (5034 turns).

Kairos the Poker (Merfolk Gladiator)                Turns: 5034, Time: 00:04:45

Health: 0/42       AC:  7    Str: 16      XL:     6   Next: 96%
Magic:  6/6        EV: 10    Int:  8      God:
Gold:   118        SH:  8    Dex:  8 (15) Spells: 5/5 levels left

rFire    . . .     SeeInvis .   a - +0 trident
rCold    . . .     Gourm    .   h - +1 shield
rNeg     . . .     Faith    .   j - +0 ring mail
rPois    .         Spirit   .   (helmet restricted)
rElec    .         Reflect  .   o - scarf {cloud immunity}
rCorr    .         Harm     .   (no gloves)
MR       .....                  (no boots)
Stlth    +.........             (no amulet)
HPRegen  0.14/turn              (no ring)
MPRegen  0.10/turn              (no ring)

@: very slightly contaminated, starving, invisible
A: change form in water, swift swim, stealthy swim, horns 1, yellow scales 1,
frail 1
a: no special abilities


You were on level 3 of the Dungeon.
You were starving.

You visited 1 branch of the dungeon, and saw 4 of its levels.

You collected 118 gold pieces.

Inventory:

Hand Weapons
 a - a +0 trident (weapon)
Missiles
 d - 3 throwing nets (quivered)
Armour
 c - a +0 helmet
 h - a +1 shield (worn)
 j - a +0 ring mail (worn)
 o - a scarf of cloud immunity (worn)
Scrolls
 b - a scroll of enchant armour
 g - a scroll of amnesia
 i - 2 scrolls of identify
 k - a scroll of noise {unknown}
 l - a scroll of fear {unknown}
 m - a scroll of fog
 n - 2 scrolls of remove curse
Potions
 e - a potion of agility
Comestibles
 f - 2 rations


   Skills:
 + Level 3.3 Fighting
 + Level 7.4 Polearms
 + Level 2.2 Throwing
 + Level 2.0 Armour
 + Level 5.3 Dodging
 + Level 0.9 Stealth
 + Level 2.0 Shields


You had 5 spell levels left.
You didn't know any spells.
Your spell library was empty.

Dungeon Overview and Level Annotations

Branches:
Dungeon (4/15)
 Temple: D:4-7

Altars:
Sif Muna
Zin

Annotations:
D:3 Eustachio


Innate Abilities, Weirdness & Mutations

You revert to your normal form in water You are very nimble and swift while swimming.
You are very stealthy in the water. (Stealth+)
You have a pair of small horns on your head.
You are partially covered in yellow scales. (AC +2)
You are frail. (-10% HP)


Message History

The river rat is almost dead.
The bat hits you but does no damage. You block the river rat's attack.
Your shield prevents you from hitting the river rat.
The river rat is almost dead.
The quasit disappears in a puff of smoke!
The bat hits you but does no damage. The river rat misses you.
Unknown command.
You hit the river rat.
You kill the river rat!
The river rat's corpse disappears in a puff of smoke!
The bat hits you but does no damage.
You barely miss the river rat. The bat hits you.
* * * LOW HITPOINT WARNING * * *
The bat closely misses you. You block the river rat's attack.
You closely miss the river rat. You block the bat's attack.
The bat barely misses you. You block the river rat's attack.
You hit the river rat but do no damage. The bat hits you.
* * * LOW HITPOINT WARNING * * *
The river rat bites you!
You die...

#...........# #........#
##...........#########........##
........>......................##
##...............................
##......(....###[######........##
.'......>....# #.# #.........#
##...........# #@# ####.....(.#.#
.#...........# #r# #..........#..
.#.....####### #@# #.##.......##.
##.....# #b# #.##.......##.
.......#########.# #.#####.......
###....'.......#.###.# #.......
.......###.....#.....#####......#
.......###.....#.#####..........#
.......#.......#### #.###......#
......##..........# #........###
#.............###.# #........# #


You could see Eustachio, a river rat and a bat.

Vanquished Creatures
  An ogre (D:4)
  A scorpion (D:4)
  A crimson imp (D:4)
  A quasit (D:4)
  A hound (D:4)
  An orc priest (D:4)
  An orc wizard (D:3)
  A hound skeleton (D:4)
  4 adders
  3 worms
  4 leopard geckos
  10 orcs
  3 giant cockroaches
  7 goblins
  8 hobgoblins
  5 kobolds
  2 quokkas (D:4)
  4 bats (D:1)
  2 frilled lizards
  A leopard gecko skeleton (D:4)
  9 rats
70 creatures vanquished.

Notes
Turn   | Place    | Note
-------+----------+-------------------------------------------
     0 | D:1      | Kairos the Merfolk Gladiator began the quest for the Orb.
     0 | D:1      | Reached XP level 1. HP: 16/16 MP: 1/1
   183 | D:1      | Reached XP level 2. HP: 15/22 MP: 2/2
   975 | D:1      | Reached skill level 5 in Polearms
  1141 | D:1      | Reached XP level 3. HP: 24/28 MP: 3/3
  1655 | D:2      | Reached XP level 4. HP: 33/34 MP: 4/4
  1903 | D:2      | Found a deep blue altar of Sif Muna.
  2094 | D:2      | Gained mutation: Your spells are a little easier to cast,
                  | but a little less powerful. [potion of mutation]
  2094 | D:2      | Gained mutation: You are partially covered in yellow
                  | scales. (AC +2) [potion of mutation]
  2254 | D:3      | Reached skill level 6 in Polearms
  2254 | D:3      | Reached skill level 1 in Armour
  2794 | D:3      | Found a glowing silver altar of Zin.
  2965 | D:3      | Reached XP level 5. HP: 35/40 MP: 5/5
  3000 | D:3      | Lost mutation: Your spells are a little easier to cast, but
                  | a little less powerful. [potion of mutation]
  3000 | D:3      | Lost mutation: You are partially covered in yellow scales.
                  | (AC +2) [potion of mutation]
  3000 | D:3      | Gained mutation: You are partially covered in yellow
                  | scales. (AC +2) [potion of mutation]
  3000 | D:3      | Gained mutation: You are frail. (-10% HP) [potion of
                  | mutation]
  3000 | D:3      | Gained mutation: You have a pair of small horns on your
                  | head. [potion of mutation]
  3112 | D:4      | Reached skill level 1 in Shields
  3155 | D:4      | Reached skill level 5 in Dodging
  3155 | D:4      | Reached XP level 6. HP: 20/42 MP: 6/6
  3710 | D:4      | Reached skill level 7 in Polearms
  4575 | D:4      | Noticed a phantom
  4595 | D:4      | Noticed Eustachio
  5034 | D:3      | Slain by a river rat

Skill      XL: |  1  2  3  4  5  6 |
---------------+-------------------+-----
Polearms       | 5 6 7 |  7.4
Armour         | 1 2 |  2.0
Fighting       | 3 |  3.3
Shields        | 1 2 |  2.0
Dodging        | 5 |  5.3
Throwing       | |  2.2
Stealth        | |  0.9

Action                   |  1- 3 |  4- 6 || total
-------------------------+-------+-------++-------
Melee: Trident           |   104 |   295 ||   399
       Headbutt          |       |    26 ||    26
  Use: Scroll            |     2 |     4 ||     6
       Potion            |       |     3 ||     3
 Stab: Sleeping          |     2 |       ||     2
  Eat: Ration            |     1 |     2 ||     3
       Chunk             |       |     1 ||     1
Armor: Leather armour    |    23 |       ||    23
       Ring mail         |     3 |   113 ||   116
Dodge: Dodged            |    48 |   149 ||   197
Block: Shield            |    20 |   151 ||   171
